 Dungeon Crawl Stone Soup version 0.31.0-12-g77e489cdc1 (webtiles) character file.

Game seed: 16310600671460863440

101 RancidPinata the Sneak (level 4, -2/33 HPs)
             Began as an Octopode Delver on Feb 12, 2024.
             Slain by a scorpion zombie (3 damage)
             ... in an ossuary.
             The game lasted 00:04:01 (305 turns).

RancidPinata the Sneak (Octopode Delver)             Turns: 305, Time: 00:04:02

Health: -2/33      AC:  5    Str: 11    XL:     4   Next: 75%
Magic:  4/4        EV: 14    Int: 12    God:
Gold:   25         SH:  0    Dex: 15    Spells: 3/3 levels left

rFire   . . .        a - +0 short sword
rCold   . . .        (no shield)
rNeg    . . .        (helmet restricted)
rPois   .            (no amulet)
rElec   .            h - +4 ring of protection
rCorr   .            (no ring)
SInv    .            (no ring)
Will    .....        (no ring)
Stlth   +++++        (no ring)
HPRegen 0.25/turn    (no ring)
MPRegen 0.09/turn    (no ring)
                     (no ring)

%: no passive effects
@: hasted, very quick
A: almost no armour, amphibious, 8 rings, camouflage 1, gelatinous body 1,
(nimble swimmer 1), tentacles
a: no special abilities


You were in an ossuary.
You visited 1 branch of the dungeon, and saw 3 of its levels.
You also visited: Ossuary.

You collected 25 gold pieces.

Inventory:

Hand Weapons
 a - a +0 short sword (weapon)
Jewellery
 h - a +4 ring of protection (left tentacle)
Wands
 f - a wand of digging (11)
Scrolls
 b - 2 scrolls of fog
 d - a scroll of fear
 g - 2 scrolls of blinking {unknown}


   Skills:
 * Level 3.8 Fighting
 + Level 2.5 Short Blades
 * Level 3.0 Dodging
 * Level 7.4 Stealth


You had 3 spell levels left.
You didn't know any spells.
Your spell library was empty.

Dungeon Overview and Level Annotations

Branches:
Dungeon (6/15)            Ossuary (1/1)
 Temple: D:4-7

Altars:
Xom

Annotations:
D:6 Eustachio


Innate Abilities, Weirdness & Mutations

You cannot wear most types of armour.
You are amphibious.
You can wear up to eight rings at the same time.
Your skin changes colour to match your surroundings (Stealth+).
Your rubbery body absorbs attacks. (AC +1, EV +1)
((You are camouflaged when in or above water. (Stealth+)))
You have tentacles for arms and can constrict up to eight enemies at once.


Message History

Your Dodging skill increases to level 3!
The scorpion zombie hits you but does no damage.
You hit the scorpion zombie but do no damage.
Your grab misses the scorpion zombie.
You squeeze the scorpion zombie, but do no damage.
The scorpion zombie hits you.
You hit the scorpion zombie. You grab the scorpion zombie.
The scorpion zombie is lightly damaged.
You constrict the scorpion zombie. The mummy misses you.
The scorpion zombie hits you.
You hit the scorpion zombie. You squeeze the scorpion zombie.
The scorpion zombie is moderately damaged.
You constrict the scorpion zombie. The scorpion zombie closely misses you.
You hit the scorpion zombie but do no damage.
You squeeze the scorpion zombie.
The scorpion zombie is moderately damaged.
You constrict the scorpion zombie. The mummy hits you!
You hit the scorpion zombie.
The scorpion zombie is heavily damaged.
You constrict the scorpion zombie, but do no damage.
The scorpion zombie hits you.
* * * LOW HITPOINT WARNING * * *
You are too injured to fight recklessly!
It was a potion of curing.
You feel better.
You constrict the scorpion zombie. The scorpion zombie barely misses you.
The mummy hits you.
You hit the scorpion zombie but do no damage.
The scorpion zombie is heavily damaged.
You constrict the scorpion zombie. The scorpion zombie barely misses you.
The mummy misses you.
You hit the scorpion zombie.
The scorpion zombie is severely damaged.
You constrict the scorpion zombie. The scorpion zombie hits you.
* * * LOW HITPOINT WARNING * * *
You feel yourself speed up.
You constrict the scorpion zombie. The scorpion zombie barely misses you.
The mummy hits you!
* * * LOW HITPOINT WARNING * * *
You hit the scorpion zombie.
The scorpion zombie is almost destroyed.
You constrict the scorpion zombie. The scorpion zombie hits you.
You die...

##+##
#...#
#.∩.#
#...#
#.∩.#
##...##
#...ZM#
#.#.#@#
#######


You could see a mummy and a scorpion zombie.

Vanquished Creatures
  A bombardier beetle (D:4)
  2 orc wizards
  A mummy (Ossuary)
  4 orcs (D:5)
  A kobold (D:4)
9 creatures vanquished.

Notes
Turn   | Place    | Note
-------+----------+-------------------------------------------
     0 | D:5      | RancidPinata the Octopode Delver began the quest for the
                  | Orb.
     0 | D:5      | Reached XP level 1. HP: 16/16 MP: 1/1
    47 | D:6      | Noticed Eustachio
    56 | D:5      | Noticed an orc wizard
    56 | D:5      | Noticed an orc wizard
    74 | D:5      | Found a shimmering altar of Xom.
    86 | D:5      | Noticed an orc wizard
    94 | D:5      | Killed an orc wizard
    95 | D:5      | Reached skill level 7 in Stealth
    95 | D:5      | Reached XP level 2. HP: 21/21 MP: 2/2
    95 | D:5      | Reached XP level 3. HP: 26/26 MP: 3/3
   183 | D:4      | Noticed a black bear
   201 | D:4      | Reached XP level 4. HP: 15/32 MP: 4/4
   276 | D:4      | Found a sand-covered staircase.
   286 | Ossuary  | Entered an ossuary
   304 | Ossuary  | HP: 1/33 [mummy (9)]
   305 | Ossuary  | Slain by a scorpion zombie

Illustrated notes

Levels and vault maps discovered:
D:4:      layout_cave_pools, minitemple, nicolae_ossuary_entry_ruins,
          kennysheep_minor_cross
D:5:      layout_loops_ring, overflow_temple_1_default, kennysheep_boxes
D:6:      layout_cave_pools, gammafunk_ghost_cemetery,
          kennysheep_decorative_pillar, uniq_eustachio
Ossuary:  ossuary_minmay_chase

Skill      XL: |  1  2  3  4 |
---------------+-------------+-----
Stealth        | 7 |  7.4
Dodging        | 3 |  3.0
Fighting       | |  3.8
Short Blades   | |  2.5

Action                     |  1- 3 |  4- 6 || total
---------------------------+-------+-------++-------
  Melee: Short sword       |    24 |    16 ||    40
         Constrict         |     2 |     2 ||     4
         Tentacles         |     1 |     5 ||     6
    Use: Potion            |       |     2 ||     2
         Scroll            |       |     1 ||     1
   Stab: Sleeping          |     5 |     2 ||     7
 Armour: Skin              |    18 |    14 ||    32
  Dodge: Dodged            |    11 |    10 ||    21
